 Dungeon Crawl Stone Soup version 0.19-b1-4-gd8a0a2a (webtiles) character file.

185 dohliylev the Covert (level 5, -5/39 HPs)
             Began as a Vampire Assassin on Oct 30, 2016.
             Slain by a gnoll
             ... wielding a +0 halberd
              (9 damage)
             ... on level 3 of the Dungeon.
             The game lasted 00:09:21 (1988 turns).

dohliylev the Covert (Vampire Assassin)             Turns: 1988, Time: 00:09:22

Health: -5/39      AC:  5    Str: 10    XL:     5   Next: 37%
Magic:  5/5        EV: 13    Int: 14    God:
Gold:   146        SH:  0    Dex: 16    Spells: 0 memorised, 4 levels left

rFire  . . .     SeeInvis +     a - +2 dagger (speed)
rCold  . . .     Gourm    .     s - +1 animal skin
rNeg   + . .     Faith    .     (no shield)
rPois  .         Spirit   .     t - +0 helmet
rElec  .         Reflect  .     d - +0 cloak
rCorr  .         Harm     .     (no gloves)
MR     .....                    (no boots)
Stlth  ++++......               (no amulet)
                                (no ring)
                                n - ring of see invisible

@: no status effects
A: fangs 3, see invisible, unbreathing
a: Bat Form


You were on level 3 of the Dungeon.
You were not thirsty.

You visited 1 branch of the dungeon, and saw 3 of its levels.

You collected 146 gold pieces.

Inventory:

Hand Weapons
 a - a +2 dagger of speed (weapon)
 b - a +0 blowgun
Missiles
 e - 21 poisoned needles
 f - 2 curare-tipped needles
Armour
 d - a +0 cloak (worn)
 s - a +1 animal skin (worn)
 t - a +0 helmet (worn)
Jewellery
 n - a ring of see invisible (left hand)
Scrolls
 h - 6 scrolls of identify {unknown}
 i - 2 scrolls of remove curse {unknown}
 j - a scroll of fear {unknown}
 k - 2 scrolls of recharging {unknown}
 o - a scroll of amnesia {unknown}
 p - a scroll of fog {unknown}
Potions
 c - 2 potions of agility {unknown}
 g - 13 potions of blood
 l - a potion of brilliance {unknown}
 m - a potion of curing {unknown}
 q - a potion of mutation {unknown}
 r - a potion of heal wounds {unknown}


   Skills:
 + Level 2.4 Fighting
 + Level 3.2 Short Blades
 + Level 1.8 Throwing
 + Level 2.3 Dodging
 + Level 8.3 Stealth


You had 4 spell levels left.
You didn't know any spells.

Dungeon Overview and Level Annotations

Branches:
Dungeon (3/15)

Altars:

Annotations:
D:3 Jessica


Innate Abilities, Weirdness & Mutations

You have razor-sharp teeth.
You have supernaturally acute eyesight. (SInv)
You can survive without breathing.


Message History

You shoot a poisoned needle. The poisoned needle hits the gnoll.
The gnoll is poisoned.
The gnoll is lightly wounded.
Wield which item (- for none, * to show all)? (? for menu, Esc to quit)
Your hands tingle!
a - a +2 dagger of speed (weapon)
The gnoll hits you with a halberd!
* * * LOW HITPOINT WARNING * * *
You barely miss the gnoll.
The gnoll is moderately wounded.
The gnoll hits you with a halberd.
* * * LOW HITPOINT WARNING * * *
You hit the gnoll but do no damage.
The gnoll is moderately wounded.
You barely miss the gnoll.
The gnoll is moderately wounded.
You hit the gnoll. You bite the gnoll, but do no damage.
The gnoll is moderately wounded.
The gnoll hits you with a halberd!
You die...

......#.#.........#
......# #.........#
......# #.#...#####
......#.#.#...#######
...................>#
......#.#.#.#.##.###
......#.#.#)#..#.#
#####.# #
#.##.#.######### .#
#.....@........#
#####.#g#######.#
............# #.#
#####..(###.# #.#
........(.#.# #.#
######..#.#.# #.#
#..#.#.# #.# #..#.#.#
#.# #..#.#.# #.#


You could see a gnoll.

Vanquished Creatures
  A scorpion (D:3)
  Robin (D:3)
  A gnoll (D:3)
  2 adders (D:3)
  A shadow imp (D:3)
  2 oozes (D:2)
  3 worms
  A dart slug (D:1)
  2 leopard geckos (D:3)
  9 bats
  3 giant cockroaches
  11 goblins
  8 hobgoblins
  7 jackals
  2 frilled lizards
  7 kobolds
  7 rats
68 creatures vanquished.

Notes
Turn   | Place    | Note
-------+----------+-------------------------------------------
     0 | D:1      | dohliylev the Vampire Assassin began the quest for the Orb.
     0 | D:1      | Reached XP level 1. HP: 16/16 MP: 1/1
    37 | D:1      | Reached skill level 6 in Stealth
    87 | D:1      | Reached XP level 2. HP: 18/22 MP: 2/2
   474 | D:1      | Reached XP level 3. HP: 23/27 MP: 3/3
   632 | D:2      | Reached skill level 7 in Stealth
  1349 | D:3      | Noticed a scorpion
  1359 | D:3      | Killed a scorpion
  1359 | D:3      | Reached XP level 4. HP: 33/33 MP: 4/4
  1416 | D:3      | Noticed Robin
  1425 | D:3      | Killed Robin
  1445 | D:3      | Reached skill level 8 in Stealth
  1491 | D:3      | Reached XP level 5. HP: 23/38 MP: 5/5
  1552 | D:3      | Noticed Jessica
  1988 | D:3      | Slain by a gnoll

Skill      XL: |  1  2  3  4 |
---------------+-------------+-----
Stealth        | 6 7 8 |  8.3
Fighting       | 2 |  2.4
Dodging        | 2 |  2.3
Short Blades   | 3 |  3.2
Throwing       | |  1.8

Action                   |  1- 3 |  4- 6 || total
-------------------------+-------+-------++-------
Melee: Dagger            |    99 |   107 ||   206
       Bite              |    11 |     6 ||    17
 Fire: Blowgun           |       |     7 ||     7
 Abil: End Transformatio |       |     1 ||     1
       Bat Form          |       |     1 ||     1
 Stab: Sleeping          |    13 |     4 ||    17
  Eat: Corpse            |     3 |     1 ||     4
Armor: Robe              |    39 |     6 ||    45
       Animal skin       |       |     9 ||     9
Dodge: Dodged            |    71 |    62 ||   133
